 Dungeon Crawl Stone Soup version 0.29-a0-338-g1ff7896281 (webtiles) character file.

Game seed: 6636034254941062359

1793 Jortsu the Cudgeller (level 8, -10/79 HPs)
             Began as a Troll Fighter on Apr 19, 2022.
             Killed from afar by Maggie (27 damage)
             ... with a bolt of acid
             ... on level 6 of the Dungeon.
             The game lasted 00:08:50 (4507 turns).

Jortsu the Cudgeller (Troll Fighter)                Turns: 4507, Time: 00:08:50

Health: -10/79     AC: -4    Str: 27    XL:     8   Next: 82%
Magic:  7/7        EV: 13    Int:  4    God:
Gold:   297        SH:  8    Dex:  9    Spells: 7/7 levels left

rFire   . . .      SeeInvis .   a - +1 flail (venom)
rCold   . . .      Faith    .   c - +0 kite shield
rNeg    . . .      Spirit   .   b - +0 robe
rPois   +          Reflect  .   (helmet restricted)
rElec   .          Harm     .   (no cloak)
rCorr   .          Rampage  .   (gloves unavailable)
Will    .....                   (boots unavailable)
Stlth   +.........              t - amulet of regeneration
HPRegen 1.83/turn               e - ring of poison resistance
MPRegen 0.10/turn               k - +4 ring of evasion

@: corroded, mesmerised
A: large, unfitting armour, claws 3, regeneration 1, shaggy fur 1, tough skin 1
a: no special abilities


You were on level 6 of the Dungeon.
You visited 1 branch of the dungeon, and saw 6 of its levels.

You collected 297 gold pieces.

Inventory:

Hand Weapons
 a - a +1 flail of venom (weapon)
Armour
 b - a +0 robe (worn)
 c - a +0 kite shield (worn)
Jewellery
 e - a ring of poison resistance (left claw)
 k - a +4 ring of evasion (right claw)
 n - a +4 ring of protection
 p - a ring of see invisible
 s - a ring of willpower
 t - an amulet of regeneration (around neck)
 x - an amulet of the acrobat
Wands
 g - a wand of flame (25)
 w - a wand of acid (6)
Scrolls
 u - 3 scrolls of fear
 y - 2 scrolls of teleportation
 z - a scroll of enchant weapon
Potions
 d - a potion of might
 f - a potion of brilliance
 h - 2 potions of heal wounds
 i - a potion of cancellation
 j - 2 potions of resistance {unknown}
 l - a potion of invisibility {unknown}
 m - a potion of lignification {unknown}
 o - 4 potions of mutation {unknown}
 q - 2 potions of curing
 r - 2 potions of attraction {unknown}
 v - 2 potions of ambrosia {unknown}
 A - a potion of haste {unknown}


   Skills:
 + Level 4.8 Fighting
 + Level 6.9 Maces & Flails
 + Level 4.8 Dodging
 + Level 0.8 Stealth
 + Level 4.7 Shields


You had 7 spell levels left.
You didn't know any spells.
Your spell library contained the following spells:

 Spells                   Type           Power      Damage    Failure   Level
 Magic Dart               Conj           0%         1d3       78%         1
 Call Imp                 Summ           0%         N/A       89%         2
 Confusing Touch          Hex            0%         N/A       98%         3
 Mephitic Cloud           Conj/Pois/Air  0%         N/A       98%         3
 Yara's Violent Unravell  Hex/Tmut       0%         3d3       100%        5
 Enfeeble                 Hex            0%         N/A       100%        7


Dungeon Overview and Level Annotations

Branches:
Dungeon (6/15)
 Temple: D:4-7

Altars:
Fedhas

Shops:
D:5 *

Portals:
Abyss: D:3

Annotations:
D:3 2 transporters, sevenfields's ghost, amateur GnWr
D:6 1 runed translucent door, Maggie


Innate Abilities, Weirdness & Mutations

You are too large for most types of armour.
You have claws for hands.
Your natural rate of healing is unusually fast.
You are covered in fur. (AC +1)
You have tough skin. (AC +1)


Message History

You closely miss the hound.
The hound is lightly wounded.
The hound bites you but does no damage. x2
You sock the hound!
The hound is almost dead.
You kill the hound!
Found a ring mail.
Found a stone staircase leading up.
You now have 297 gold pieces (gained 12).
There is a stone staircase leading up here.
Maggie the Vainglorious comes into view.
She is wielding a +1 vorpal halberd and carrying a wand of acid (13).
Maggie zaps a wand.
The bolt of acid hits you.
Maggie points at you and mumbles some strange words.
The bolt of fire hits you!!
You closely miss Maggie. Maggie barely misses you.
You barely miss Maggie.
Maggie gestures wildly while chanting.
Maggie attempts to bespell you!
You are mesmerised by Maggie!
You hit Maggie but do no damage.
Maggie is poisoned.
Maggie hits you but does no damage.
You barely miss Maggie. Maggie misses you.
Maggie zaps a wand.
The bolt of acid hits you! The acid corrodes you!
You hit Maggie but do no damage.
Maggie looks as sick as possible!
Maggie drinks a potion.
Maggie is healed!
Maggie looks more healthy.
You hit Maggie but do no damage.
Maggie is poisoned.
Maggie zaps a wand.
The bolt of acid hits you!!!
* * * LOW HITPOINT WARNING * * *
The acid corrodes you!
You barely miss Maggie.
Maggie is lightly wounded.
Maggie says, "Did Master Lance send you?"
You block Maggie's attack.
You closely miss Maggie.
Maggie is lightly wounded.
You block Maggie's attack.
You hit Maggie.
Maggie looks as sick as possible!
Maggie is lightly wounded.
Maggie zaps a wand.
The bolt of acid hits you!!
You die...

##.##......†.....#
#.#
...##.##########.#
#.# ##.##.# #.# #.#
##.##.# #.# #.#
##.##.# #.# #.#
##.##.# #.# #.#
#.##.# #.# #.# #.##.
. #.# #.# #..
....#####@########.#
###
........@<.........#
..........##########
...######## #


You could see Maggie (mesmerising, extremely poisoned).

Vanquished Creatures
  Grinder (D:5)
  A yak (D:5)
  2 water moccasins (D:5)
  2 black bears
  An ice beast (D:5)
  A phantom (D:4)
  A bullfrog (D:6)
  2 scorpions (D:5)
  A howler monkey (D:5)
  2 orc priests (D:5)
  5 hounds
  A jelly (D:5)
  5 iguanas
  An orc wizard (D:4)
  Robin (D:3)
  7 adders
  6 gnolls (D:4)
  2 ufetubi
  4 dart slugs
  15 orcs
  6 ball pythons
  5 endoplasms
  13 giant cockroaches
  14 goblins
  5 hobgoblins
  4 jackals (D:5)
  6 kobolds
  3 quokkas (D:1)
  5 bats
  3 frilled lizards
  11 rats
136 creatures vanquished.

Notes
Turn   | Place    | Note
-------+----------+-------------------------------------------
     0 | D:1      | Jortsu the Troll Fighter began the quest for the Orb.
     0 | D:1      | Reached XP level 1. HP: 22/22 MP: 0/0
   161 | D:1      | Reached XP level 2. HP: 29/29 MP: 1/1
   279 | D:1      | Reached skill level 2 in Maces & Flails
   763 | D:2      | Reached XP level 3. HP: 13/36 MP: 2/2
   950 | D:2      | Reached XP level 4. HP: 44/45 MP: 3/3
  1316 | D:3      | Found a blossoming altar of Fedhas.
  1339 | D:3      | Noticed Robin
  1380 | D:3      | Killed Robin
  1497 | D:3      | Found a transporter.
  1508 | D:3      | Found a one-way gate to the infinite horrors of the Abyss.
  1508 | D:3      | Noticed sevenfields's ghost (amateur GnWr)
  1525 | D:3      | Found a transporter.
  1555 | D:3      | Identified the +5 hunting sling of Rifafunk {vorpal, rC++
                  | Will+ rCorr}
  1586 | D:3      | Reached skill level 3 in Maces & Flails
  1648 | D:3      | Noticed a kobold brigand
  1728 | D:3      | Reached XP level 5. HP: 53/53 MP: 4/4
  2417 | D:4      | Reached XP level 6. HP: 58/61 MP: 5/5
  2750 | D:4      | Reached skill level 4 in Maces & Flails
  3319 | D:5      | Entered Level 5 of the Dungeon
  3361 | D:5      | Reached XP level 7. HP: 56/67 MP: 6/6
  3584 | D:5      | Noticed Grinder
  3593 | D:5      | Killed Grinder
  3594 | D:5      | Reached skill level 5 in Maces & Flails
  3595 | D:5      | Noticed a yak
  3603 | D:5      | Reached XP level 8. HP: 74/78 MP: 7/7
  3815 | D:5      | Found Cyiraic's Serpentskin Sales.
  3831 | D:5      | Reached skill level 6 in Maces & Flails
  4223 | D:6      | Found a runed translucent door.
  4488 | D:6      | Noticed Maggie
  4507 | D:6      | Killed from afar by Maggie

Illustrated notes

Levels and vault maps discovered:
D:1:      grunt_arrival_lava_bath, layout_rooms, minmay_misc_feat_x
D:2:      layout_loops_ring
D:3:      minmay_roachtagon, layout_basic, mainiacjoe_overflow_catwalk,
          gammafunk_ghost_abyssal_escape, uniq_robin
D:4:      layout_layer_cave, roderic_lattice_a
D:5:      minmay_chambers_of_fours, layout_loops_ring, guppyfry_shop_venom,
          uniq_grinder
D:6:      layout_loops_ring, dk_xom_monty_hall,
          minmay_temple_entry_from_below_a, ebering_ghost_reflecting_pool,
          uniq_maggie

Skill      XL: |  1  2  3  4  5  6  7  8 |
---------------+-------------------------+-----
Maces & Flails | 2 3 4 5 6 |  6.9
Fighting       | 3 4 |  4.8
Shields        | 3 4 |  4.7
Dodging        | 3 4 |  4.8
Stealth        | |  0.8

Action                   |  1- 3 |  4- 6 |  7- 9 || total
-------------------------+-------+-------+-------++-------
Melee: Flail             |    77 |   254 |   140 ||   471
  Use: Scroll            |     3 |     8 |       ||    11
       Potion            |       |       |     1 ||     1
 Stab: Sleeping          |       |       |     1 ||     1
Armor: Robe              |    29 |    70 |    20 ||   119
Dodge: Dodged            |    37 |   174 |    88 ||   299
Block: Kite shield       |    36 |   108 |    57 ||   201

Table legend: (Time is in decaauts)
 A = Elapsed time spent in this place.
 B = Non-inter-level travel time spent in this place.
 C = Inter-level travel time spent in this place.
 D = Time resting spent in this place.
 E = Time spent auto-exploring this place.
 F = Levels seen in this place.
 G = Mean time per level.
                   A        B        C        D        E       F      G
               +--------+--------+--------+--------+--------+-----+--------+
         Total |   4667 |   4548 |    119 |    400 |   2725 |   6 |  777.8 |
       Dungeon |   4667 |   4548 |    119 |    400 |   2725 |   6 |  777.8 |
               +--------+--------+--------+--------+--------+-----+--------+

Top non-repeatable levels by time:
     D:4: 1233 daAuts
     D:5: 910 daAuts
     D:3: 886 daAuts
     D:1: 731 daAuts
     D:2: 614 daAuts
     D:6: 289 daAuts
